 Dungeon Crawl Stone Soup version 0.23-a0-586-gacb4b3f (console) character file.

77 Duffy the Conjurer (level 4, -6/45 HPs)
             Began as a Demonspawn Fire Elementalist on Dec 18, 2018.
             Killed from afar by Sigmund (9 damage)
             ... with a magic dart
             ... on level 3 of the Dungeon.
             The game lasted 00:03:45 (2353 turns).

Duffy the Conjurer (Demonspawn Fire Elementalist)   Turns: 2353, Time: 00:03:45

Health: -6/45      AC: 22    Str: 13    XL:     4   Next: 14%
Magic:  6/7        EV:  2    Int: 23    God:
Gold:   78         SH:  0    Dex: 13    Spells: 4/8 levels left

rFire    + . .     SeeInvis .   (no weapon)
rCold    + . .     Gourm    .   (no shield)
rNeg     + + +     Faith    .   (armour currently unavailable)
rPois    +         Spirit   .   (helmet currently unavailable)
rElec    +         Reflect  .   (cloak currently unavailable)
rCorr    +         Harm     .   (gloves currently unavailable)
MR       .....     NoTele   +   (boots currently unavailable)
Stlth    ++........             (no amulet)
HPRegen  0.15/turn              (no ring)
MPRegen  0.10/turn              (no ring)

@: mighty, brilliant, tree-form, resistant
A: powered by death 2
a: no special abilities


You were on level 3 of the Dungeon.
You were not hungry.
You were a tree.
You visited 1 branch of the dungeon, and saw 4 of its levels.

You collected 78 gold pieces.

Inventory:

Armour
 a - a +0 robe (melded)
 b - a +2 cloak (melded)
 i - a +0 helmet (melded)
Scrolls
 e - a scroll of teleportation
 k - a scroll of identify {unknown}
 l - a scroll of magic mapping {unknown}
Potions
 f - a potion of might
Comestibles
 c - 2 rations
 d - 2 chunks of flesh


   Skills:
 - Level 1.7 Dodging
 - Level 1.7 Stealth
 + Level 2.5 Spellcasting
 + Level 3.1 Conjurations
 + Level 3.1 Fire Magic


You had 4 spell levels left.
You knew the following spells:

 Your Spells              Type           Power        Failure   Level  Hunger
h - Flame Tongue          Conj/Fire      ####.        1%          1    None
l - Conjure Flame         Conj/Fire      ####....     1%          3    ###....

Your spell library contained the following spells:

 Spells                   Type           Power        Failure   Level  Hunger
 Throw Flame              Conj/Fire      ####..       1%          2    ##.....
 Inner Flame              Hex/Fire       ###.....     2%          3    ###....
 Sticky Flame             Conj/Fire      ####....     4%          4    ####...
 Fireball                 Conj/Fire      ####......   11%         5    ######.


Dungeon Overview and Level Annotations

Branches:
Dungeon (4/15)
 Temple: D:4-7

Altars:
Dithmenos
Qazlal
Ru

Annotations:
D:3 exclusion: upstairs, Sigmund


Innate Abilities, Weirdness & Mutations

You regenerate health from kills.


Message History

Your +0 robe melds into your body.
Your roots penetrate the ground.
Something hits you but does no damage.
It was a potion of brilliance.
You feel clever all of a sudden.
It was a potion of resistance.
You feel protected. Something hits you but does no damage.
Unknown command.
Casting: Flame Tongue (safe; 1% risk of failure)
Confirm with . or Enter, or press ? or * to list all spells.
You can't see any susceptible monsters within range! (Use Z to cast anyway.)
Casting: Flame Tongue (safe; 1% risk of failure)
Confirm with . or Enter, or press ? or * to list all spells.
Aiming: Flame Tongue (safe; 1% risk of failure)
Press: ? - help, Shift-Dir - straight line, f - you The flame tongue hits something.
You hear some strange, mumbled words.
A magic dart appears from out of thin air!
The magic dart hits you!
You die...

#......# ... #...%..# #..
#......# #.## #......# ..(
##......## #.## ##...##...##
#..### ##.(.......(### ##....
#...........{.###### #####
#.........<7.......##########
#....<.......#####...........
##..........## ############
##...##...## ##########


There were no monsters in sight!

Vanquished Creatures
  3 adders (D:2)
  An adder skeleton (D:4)
  2 dart slugs
  3 leopard geckos
  2 giant cockroaches (D:1)
  3 goblins
  4 hobgoblins
  A quokka (D:2)
  9 bats
  5 frilled lizards
  4 kobolds
  8 rats
45 creatures vanquished.

Notes
Turn   | Place    | Note
-------+----------+-------------------------------------------
     0 | D:1      | Duffy the Demonspawn Fire Elementalist began the quest for
                  | the Orb.
     0 | D:1      | Reached XP level 1. HP: 13/13 MP: 3/3
   489 | D:1      | Gained mutation: You regenerate a little health from kills.
                  | [demonic ancestry]
   489 | D:1      | Reached XP level 2. HP: 19/19 MP: 1/5
  1212 | D:2      | Reached XP level 3. HP: 19/24 MP: 1/6
  1226 | D:2      | Learned a level 3 spell: Conjure Flame
  1499 | D:2      | Found a shadowy altar of Dithmenos.
  1683 | D:2      | Found a stormy altar of Qazlal.
  1794 | D:2      | Found a sacrificial altar of Ru.
  1902 | D:2      | Gained mutation: You regenerate health from kills. [demonic
                  | ancestry]
  1902 | D:2      | Reached XP level 4. HP: 20/30 MP: 2/7
  2111 | D:3      | Noticed Sigmund
  2347 | D:3      | HP: 1/30 [something/magic dart (8)]
  2353 | D:3      | Killed from afar by Sigmund

Vault maps used:
D:1:      dpeg_arrival_rooms_c
D:2:      nicolae_dithmenos_shadow_blocks, nicolae_overflow_hidden_temple,
          nicolae_ru_sacrificial_ziggurat
D:3:      uniq_sigmund, uniq_robin
D:4:      glass_columns_c, nicolae_qazlal_eye_of_the_storm

Skill      XL: |  1  2  3 |
---------------+----------+-----
Conjurations   | 2 3 |  3.1
Fire Magic     | 3 |  3.1
Dodging        | |  1.7
Stealth        | |  1.7
Spellcasting   | |  2.5

Action                   |  1- 3 |  4- 6 || total
-------------------------+-------+-------++-------
Melee: Unarmed           |     2 |     1 ||     3
 Cast: Flame Tongue      |    71 |    11 ||    82
  Use: Potion            |       |     4 ||     4
       Scroll            |       |     1 ||     1
  Eat: Chunk             |     4 |     1 ||     5
Armor: Robe              |    14 |       ||    14
       Skin              |       |     2 ||     2
Dodge: Dodged            |    29 |     2 ||    31

Table legend:
 A = Non-vault XP
 B = Vault XP
 C = Vault XP percentage of total XP
 D = Non-vault monster count
 E = Vault monster count
 F = Vault count percentage of total count
                 A         B        C        D         E       F
            +---------+---------+-------+---------+---------+-------
      Total |     111 |       0 |   0.0 |      45 |       0 |   0.0
            +---------+---------+-------+---------+---------+-------
        D:1 |      36 |       0 |   0.0 |      24 |       0 |   0.0
        D:2 |      64 |       0 |   0.0 |      17 |       0 |   0.0
        D:3 |       6 |       0 |   0.0 |       3 |       0 |   0.0
        D:4 |       5 |       0 |   0.0 |       1 |       0 |   0.0
            +---------+---------+-------+---------+---------+-------
